TOP OF THE 1ST |
Chicago Machine batting - Pitching for Seattle Pikes : LHP Mike Graves
|
Pitching: LHP Mike Graves
|
|
Batting: LHB Eric Wheeler
|
0-0: Ball 1-0: Foul Ball, location: 2F 1-1: Ball 2-1: Fly out, F7 (Flyball, 7)
|
Batting: SHB Joaquín López
|
0-0: Ball 1-0: Ball 2-0: Called Strike 2-1: Foul Ball, location: 2F 2-2: Ground out 5-3 (Groundball, 56)
|
Batting: RHB Doug Stephens
|
0-0: Foul Ball, location: 2F 0-1: Ball 1-1: Ball 2-1: DOUBLE (Flyball, 78D)
|
Batting: SHB José Alomar
|
0-0: Ball 1-0: Foul Ball, location: 2F 1-1: Ground out 5-3 (Groundball, 56)
|
Top of the 1st over - 0 run(s), 1 hit(s), 0 error(s), 1 left on base; Chicago 0 - Seattle 0 |
BOTTOM OF THE 1ST |
Seattle Pikes batting - Pitching for Chicago Machine : RHP Rod Day
|
Pitching: RHP Rod Day
|
|
Batting: LHB Roberto Lozano
|
0-0: Ball 1-0: Called Strike 1-1: Fly out, F7 (Flyball, 7LMF)
|
Batting: RHB António Ortega
|
0-0: Ball 1-0: Called Strike 1-1: Foul Ball, location: 2F 1-2: DOUBLE (Line Drive, 7LM)
|
Batting: LHB Richard Hunter
|
0-0: Ball 1-0: Ball 2-0: Foul Ball, location: 2F 2-1: Foul Ball, location: 2F 2-2: Ground out 4-3 (Groundball, 4) António Ortega to third
|
Batting: RHB Iván Gonzáles
|
0-0: Foul Ball, location: 2F 0-1: Ball 1-1: Foul Ball, location: 2F 1-2: Foul Ball, location: 2F 1-2: Ground out 4-3 (Groundball, 4)
|
Bottom of the 1st over - 0 run(s), 1 hit(s), 0 error(s), 1 left on base; Chicago 0 - Seattle 0 |
TOP OF THE 2ND |
Chicago Machine batting - Pitching for Seattle Pikes : LHP Mike Graves
|
Batting: RHB Matt Doyle
|
0-0: Ball 1-0: Called Strike 1-1: Foul Ball, location: 2F 1-2: Ball 2-2: Ball 3-2: DOUBLE (Groundball, 5L)
|
Batting: LHB Kiyonaga Morita
|
0-0: Foul Ball, location: 2F 0-1: Called Strike 0-2: Hit by Pitch
|
Batting: RHB Luis Martínez
|
0-0: Foul Ball, location: 2F 0-1: SINGLE (Groundball, 34D) Matt Doyle to third Kiyonaga Morita to second
|
Batting: RHB Lorenzo Guzmán
|
0-0: Ball 1-0: Foul Ball, location: 2F 1-1: DOUBLE (Flyball, 9LM) Matt Doyle scores Kiyonaga Morita scores Luis Martínez to third
|
Batting: SHB Jesús Ramírez
|
0-0: Ball Passed Ball! Luis Martínez scores Lorenzo Guzmán to third 1-0: Ball 2-0: Foul Ball, location: 2F 2-1: Ball 3-1: Base on Balls
|
Batting: LHB Eric Wheeler
|
0-0: Ball 1-0: Fly out, F7 (Line Drive, 7) Runner from 3rd tags up, OUT at HOME Jesús Ramírez to second
|
Batting: SHB Joaquín López
|
0-0: Swinging Strike 0-1: Fly out, F6 (Popup, 56D)
|
Top of the 2nd over - 3 run(s), 3 hit(s), 0 error(s), 1 left on base; Chicago 3 - Seattle 0 |
BOTTOM OF THE 2ND |
Seattle Pikes batting - Pitching for Chicago Machine : RHP Rod Day
|
Batting: LHB Eduardo Gómez
|
0-0: Ball 1-0: Ball 2-0: Called Strike 2-1: Swinging Strike 2-2: DOUBLE (Line Drive, 9LM)
|
Batting: RHB Pete Rideout
|
0-0: Ball 1-0: Called Strike 1-1: Foul Ball, location: 2F 1-2: Ground out 1-3 (Groundball, P) Eduardo Gómez to third
|
Batting: RHB Randy Sheppard
|
0-0: Ground out 5-3 (Groundball, 56) Eduardo Gómez scores
|
Batting: RHB Wallace Greene
|
0-0: Swinging Strike 0-1: Ball 1-1: Foul Ball, location: 2F 1-2: Strikes out swinging
|
Bottom of the 2nd over - 1 run(s), 1 hit(s), 0 error(s), 0 left on base; Chicago 3 - Seattle 1 |
TOP OF THE 3RD |
Chicago Machine batting - Pitching for Seattle Pikes : LHP Mike Graves
|
Batting: RHB Doug Stephens
|
0-0: Called Strike 0-1: SINGLE (Groundball, 4MD)
|
Batting: SHB José Alomar
|
0-0: Ball 1-0: Ball 2-0: Fly out, F9 (Flyball, 9LS)
|
Batting: RHB Matt Doyle
|
0-0: Ground out 5-3 (Groundball, 56S) Doug Stephens to second
|
Batting: LHB Kiyonaga Morita
|
0-0: Called Strike 0-1: Swinging Strike 0-2: Ball 1-2: Strikes out looking
|
Top of the 3rd over - 0 run(s), 1 hit(s), 0 error(s), 1 left on base; Chicago 3 - Seattle 1 |
BOTTOM OF THE 3RD |
Seattle Pikes batting - Pitching for Chicago Machine : RHP Rod Day
|
Batting: RHB Bill Mark
|
0-0: Ball 1-0: Called Strike 1-1: Ground out 6-3 (Groundball, 6)
|
Batting: LHB Roberto Lozano
|
0-0: Ball 1-0: Called Strike 1-1: Swinging Strike 1-2: Foul Ball, location: 2F 1-2: Strikes out looking
|
Batting: RHB António Ortega
|
0-0: Ball 1-0: Called Strike 1-1: Ground out 6-3 (Groundball, 6)
|
Bottom of the 3rd over - 0 run(s), 0 hit(s), 0 error(s), 0 left on base; Chicago 3 - Seattle 1 |
TOP OF THE 4TH |
Chicago Machine batting - Pitching for Seattle Pikes : LHP Mike Graves
|
Batting: RHB Luis Martínez
|
0-0: Ball 1-0: Swinging Strike 1-1: Fly out, F7 (Flyball, 7S)
|
Batting: RHB Lorenzo Guzmán
|
0-0: Ball 1-0: Swinging Strike 1-1: Foul Ball, location: 2F 1-2: Fly out, F9 (Flyball, 9S)
|
Batting: SHB Jesús Ramírez
|
0-0: Called Strike 0-1: Ball 1-1: Called Strike 1-2: Foul Ball, location: 2F 1-2: Ball 2-2: Strikes out swinging
|
Top of the 4th over - 0 run(s), 0 hit(s), 0 error(s), 0 left on base; Chicago 3 - Seattle 1 |
BOTTOM OF THE 4TH |
Seattle Pikes batting - Pitching for Chicago Machine : RHP Rod Day
|
Batting: LHB Richard Hunter
|
0-0: Ball 1-0: SINGLE (Groundball, 34D)
|
Batting: RHB Iván Gonzáles
|
0-0: Called Strike Throwing error on steal attempt, E2 Richard Hunter to third 0-1: Foul Ball, location: 2F 0-2: SINGLE (Flyball, 7S) Richard Hunter scores
|
Batting: LHB Eduardo Gómez
|
0-0: Called Strike 0-1: Ball 1-1: Ball 2-1: Foul Ball, location: 2F 2-2: Strikes out looking
|
Batting: RHB Pete Rideout
|
0-0: Foul Ball, location: 2F 0-1: Fly out, F7 (Flyball, 7LS)
|
Now in LF: Fernando Ortíz
|
|
Batting: RHB Randy Sheppard
|
0-0: Fielders Choice at 2nd, 5-4 (Groundball, 5)
|
Bottom of the 4th over - 1 run(s), 2 hit(s), 1 error(s), 0 left on base; Chicago 3 - Seattle 2 |
TOP OF THE 5TH |
Chicago Machine batting - Pitching for Seattle Pikes : LHP Mike Graves
|
Batting: LHB Eric Wheeler
|
0-0: Ball 1-0: Called Strike 1-1: Ball 2-1: DOUBLE (Flyball, 7LM)
|
Batting: SHB Joaquín López
|
0-0: Called Strike 0-1: DOUBLE (Flyball, 78D) Eric Wheeler scores
|
Batting: RHB Doug Stephens
|
0-0: Ball 1-0: Swinging Strike 1-1: Swinging Strike 1-2: Strikes out looking
|
Batting: LHB Fernando Ortíz
|
0-0: Ball 1-0: Foul Ball, location: 2F 1-1: Swinging Strike 1-2: Ground out 4-3 (Groundball, 4D) Joaquín López to third
|
Batting: RHB Matt Doyle
|
0-0: Ball 1-0: Ball 2-0: Ball 3-0: Base on Balls
|
Batting: LHB Kiyonaga Morita
|
0-0: Swinging Strike 0-1: Foul Ball, location: 2F 0-2: Foul Ball, location: 2F 0-2: Ball 1-2: Ball 2-2: SINGLE (Line Drive, 56D) Joaquín López scores Matt Doyle to second
|
Pitching: RHP José Salinas
|
|
Batting: RHB Luis Martínez
|
0-0: Ball 1-0: Fly out, F9 (Flyball, 9S)
|
Top of the 5th over - 2 run(s), 3 hit(s), 0 error(s), 2 left on base; Chicago 5 - Seattle 2 |
BOTTOM OF THE 5TH |
Seattle Pikes batting - Pitching for Chicago Machine : RHP Rod Day
|
Batting: RHB Wallace Greene
|
0-0: Ball 1-0: Foul Ball, location: 2F 1-1: Ball 2-1: Foul Ball, location: 2F 2-2: Foul Ball, location: 2F 2-2: Ball 3-2: SINGLE (Flyball, 8RS)
|
Batting: RHB Bill Mark
|
0-0: Ball 1-0: SINGLE (Groundball, 6D) Wallace Greene to second
|
Batting: LHB Roberto Lozano
|
0-0: Called Strike 0-1: SINGLE (Line Drive, 6MD) Wallace Greene to third Bill Mark to second
|
Batting: RHB António Ortega
|
0-0: Called Strike 0-1: Ball 1-1: DOUBLE (Line Drive, 78D) Wallace Greene scores Bill Mark scores Roberto Lozano to third
|
Batting: LHB Richard Hunter
|
0-0: Ground out 3-1 (Groundball, 34) Roberto Lozano scores António Ortega to third
|
Batting: RHB Iván Gonzáles
|
0-0: Called Strike 0-1: Ball 1-1: Called Strike 1-2: Fly out, F7 (Flyball, 7D) Runner from 3rd tags up, SCORES, no throw
|
Pitching: RHP Raúl Ruíz
|
|
Batting: LHB Eduardo Gómez
|
0-0: Ground out U3 (Groundball, 34)
|
Bottom of the 5th over - 4 run(s), 4 hit(s), 0 error(s), 0 left on base; Chicago 5 - Seattle 6 |
TOP OF THE 6TH |
Chicago Machine batting - Pitching for Seattle Pikes : RHP José Salinas
|
Batting: RHB Lorenzo Guzmán
|
0-0: Swinging Strike 0-1: Called Strike 0-2: SINGLE (Groundball, 34D)
|
Batting: SHB Jesús Ramírez
|
0-0: Ball 1-0: Ball 2-0: Foul Ball, location: 2F 2-1: Swinging Strike 2-2: Strikes out swinging
|
Batting: LHB Eric Wheeler
|
0-0: Ball 1-0: Ball 2-0: Called Strike 2-1: Ball 3-1: Called Strike 3-2: Foul Ball, location: 2F 3-2: Strikes out swinging Lorenzo Guzmán is caught stealing 2nd base Batter strikes out.
|
Top of the 6th over - 0 run(s), 1 hit(s), 0 error(s), 0 left on base; Chicago 5 - Seattle 6 |
BOTTOM OF THE 6TH |
Seattle Pikes batting - Pitching for Chicago Machine : RHP Raúl Ruíz
|
Batting: RHB Pete Rideout
|
0-0: Called Strike 0-1: Ball 1-1: Ball 2-1: Foul Ball, location: 2F 2-2: DOUBLE (Line Drive, 7D)
|
Batting: RHB Randy Sheppard
|
0-0: Foul Ball, location: 2F 0-1: Called Strike 0-2: Strikes out looking
|
Batting: RHB Wallace Greene
|
0-0: Foul Ball, location: 2F 0-1: Fly out, F8 (Flyball, 89M)
|
Batting: RHB Bill Mark
|
0-0: Ball 1-0: Fly out, F7 (Flyball, 78M)
|
Bottom of the 6th over - 0 run(s), 1 hit(s), 0 error(s), 1 left on base; Chicago 5 - Seattle 6 |
TOP OF THE 7TH |
Chicago Machine batting - Pitching for Seattle Pikes : RHP José Salinas
|
Batting: SHB Joaquín López
|
0-0: SINGLE (Groundball, 34D)
|
Batting: RHB Doug Stephens
|
0-0: Called Strike 0-1: Ball 1-1: Ball 2-1: Grounds into double play, 5-4-3 (Groundball, 56)
|
Batting: LHB Fernando Ortíz
|
0-0: Ball 1-0: Fly out, F8 (Flyball, 78S)
|
Top of the 7th over - 0 run(s), 1 hit(s), 0 error(s), 0 left on base; Chicago 5 - Seattle 6 |
BOTTOM OF THE 7TH |
Seattle Pikes batting - Pitching for Chicago Machine : RHP Raúl Ruíz
|
Batting: LHB Roberto Lozano
|
0-0: Fly out, F8 (Flyball, 8LM)
|
Batting: RHB António Ortega
|
0-0: Ground out 5-3 (Groundball, 56S)
|
Batting: LHB Richard Hunter
|
0-0: Ball 1-0: Ball 2-0: Swinging Strike 2-1: Foul Ball, location: 2F 2-2: Strikes out swinging
|
Bottom of the 7th over - 0 run(s), 0 hit(s), 0 error(s), 0 left on base; Chicago 5 - Seattle 6 |
TOP OF THE 8TH |
Chicago Machine batting - Pitching for Seattle Pikes : RHP José Salinas
|
Pitching: LHP Manny Sandoval
|
|
Now in RF: Manuel Rico
|
|
Batting: RHB Matt Doyle
|
0-0: Called Strike 0-1: Swinging Strike 0-2: Strikes out swinging
|
Batting: LHB Kiyonaga Morita
|
0-0: Foul Ball, location: 2F 0-1: Ground out 5-3 (Groundball, 56)
|
Pitching: RHP Orlando Ojeda
|
|
Batting: RHB Luis Martínez
|
0-0: Called Strike 0-1: Ground out 6-3 (Groundball, 6)
|
Top of the 8th over - 0 run(s), 0 hit(s), 0 error(s), 0 left on base; Chicago 5 - Seattle 6 |
BOTTOM OF THE 8TH |
Seattle Pikes batting - Pitching for Chicago Machine : RHP Raúl Ruíz
|
Batting: RHB Iván Gonzáles
|
0-0: Ground out 4-3 (Groundball, 4)
|
Batting: LHB Eduardo Gómez
|
0-0: Ball 1-0: Ball 2-0: Ball 3-0: Called Strike 3-1: Swinging Strike 3-2: Fly out, F7 (Flyball, 7D)
|
Batting: RHB Pete Rideout
|
0-0: Ball 1-0: Reached on error, E9 (Flyball, 9S)
|
Batting: RHB Randy Sheppard
|
0-0: Ball 1-0: Ground out 6-3 (Groundball, 6)
|
Bottom of the 8th over - 0 run(s), 0 hit(s), 1 error(s), 1 left on base; Chicago 5 - Seattle 6 |
|